 Dungeon Crawl Stone Soup version 0.20-a0-513-g02c11fc (webtiles) character file.

19404 polly the Basher (level 12, 0/76 HPs)
             Began as a Gargoyle Fighter on Jan 23, 2017.
             Was the Champion of Okawaru.
             Killed from afar by Harold (23 damage)
             ... with a bolt of fire
             ... on level 12 of the Dungeon.
             The game lasted 00:34:23 (12049 turns).

polly the Basher (Gargoyle Fighter)                Turns: 12049, Time: 00:34:24

Health: 0/76       AC: 30    Str: 28    XL:     12   Next: 68%
Magic:  12/12      EV: 14    Int: 11    God:    Okawaru [******]
Gold:   582        SH: 15    Dex: 12    Spells: 5/11 levels left

rFire    . . .     SeeInvis .   R - +1 morningstar (flame)
rCold    . . .     Gourm    .   X - +1 chain mail {rC+}
rNeg     + . .     Faith    .   o - +2 shield
rPois    ∞         Spirit   .   p - +2 hat
rElec    +         Reflect  .   F - +0 cloak
rCorr    .         Harm     .   E - +2 pair of gloves
MR       .....     Rnd*Tele +   a - +1 pair of boots of Enonwesh {Slay+2}
Stlth    ..........             (no amulet)
Regen    0.3/turn               T - +5 ring of evasion
                                n - ring "Unlavyr" {*Tele rC- Str+6 Dex+2 Stlth-}

@: no status effects
A: negative energy resistance 1, electricity resistance, unbreathing,
petrification resistance, rot immunity, AC +8
a: Heroism, Finesse, Renounce Religion


You were on level 12 of the Dungeon.
You worshipped Okawaru.
Okawaru was exalted by your worship.
You were very hungry.

You visited 2 branches of the dungeon, and saw 13 of its levels.
You also visited: Labyrinth and Ossuary.

You collected 796 gold pieces.
You spent 214 gold pieces at shops.

Inventory:

Hand Weapons
 R - a +1 morningstar of flaming (weapon)
Armour
 a - the +1 pair of boots of Enonwesh (worn) {Slay+2}
   (You found it on level 4 of the Dungeon)

   It affects your accuracy and damage with ranged weapons and melee attacks
   (+2).
 o - a +2 shield (worn)
 p - a +2 hat (worn)
 E - a +2 pair of gloves (worn)
 F - a +0 cloak (worn)
 X - a +1 chain mail of cold resistance (worn)
Magical Staves
 B - an uncursed staff of death {unknown}
Jewellery
 n - the ring "Unlavyr" (left hand) {*Tele rC- Str+6 Dex+2 Stlth-}
   (You found it in a labyrinth)

   [ring of teleportation]

   It may teleport you next to monsters.
   It affects your strength (+6).
   It affects your dexterity (+2).
   It makes you vulnerable to cold.
   It makes you less stealthy.
 M - an uncursed ring of resist corrosion
 O - an uncursed ring of see invisible
 T - a +5 ring of evasion (right hand)
 V - an uncursed ring of protection from magic
Wands
 N - a wand of flame (18/48)
 Q - a wand of disintegration (9/24)
 S - a wand of digging (10/24)
Scrolls
 c - 2 scrolls of enchant weapon {unknown}
 e - 3 scrolls of blinking {unknown}
 h - 10 scrolls of remove curse
 k - 4 scrolls of recharging {unknown}
 m - 2 scrolls of identify
 s - 2 scrolls of immolation
 u - 2 scrolls of enchant armour {unknown}
 v - 5 scrolls of teleportation {unknown}
 w - 3 scrolls of amnesia {unknown}
 y - a scroll of fear {unknown}
 G - a scroll of magic mapping {unknown}
 I - a scroll of holy word {unknown}
Potions
 d - 2 potions of might
 i - 6 potions of agility {unknown}
 j - 2 potions of mutation
 l - a potion of heal wounds
 q - a potion of magic {unknown}
 r - 3 potions of curing
 t - a potion of resistance {unknown}
 x - a potion of cure mutation
 z - a potion of brilliance
 A - a potion of invisibility {unknown}
 H - 3 potions of flight {unknown}
 J - a potion of berserk rage {unknown}
 K - a potion of cancellation
 L - a potion of haste
 P - 3 potions of degeneration {unknown}
 U - a potion of ambrosia {unknown}
Miscellaneous
 C - a lamp of fire
Comestibles
 b - a royal jelly
 f - 4 bread rations
 g - 12 meat rations
 D - 28 fruits


   Skills:
 + Level 9.4 Fighting
 + Level 13.2 Maces & Flails
 + Level 9.1 Armour
 + Level 2.1 Dodging
 + Level 1.3 Stealth
 + Level 11.9 Shields
 + Level 0.8 Evocations


You had 5 spell levels left.
You knew the following spells:

 Your Spells              Type           Power        Failure   Level  Hunger
a - Regeneration          Chrm/Necr      #.........   100%        3    ####...
b - Ozocubu's Armour      Chrm/Ice       #.......     100%        3    ####...


Dungeon Overview and Level Annotations

Branches:
Dungeon (12/15)            Temple (1/1) D:6            Lair (0/6) D:9
    Orc: D:9-12

Altars:
Ashenzari
Cheibriados
Dithmenos
Elyvilon
Fedhas
Gozag
Hepliaklqana
Kikubaaqudgha
Makhleb
Nemelex Xobeh
Okawaru
Qazlal
Ru
Sif Muna
Trog
Uskayaw
Vehumet
Xom
Yredelemnul
Zin
The Shining One

Shops:
D:5 [   D:6 *   D:7 :   D:9 :

Annotations:
D:12 Harold


Innate Abilities, Weirdness & Mutations

You are resistant to torment.
Your stone body is resilient. (AC +8)
You are immune to poison.
You resist negative energy. (rN+)
You are resistant to electric shocks. (rElec)
You can survive without breathing.
You are immune to petrification.
You are immune to rotting.


Message History

The orc wizard casts a spell at you. The magic dart hits you!
You block the orc wizard's attack.
Things that are here:
a dagger; a robe; an orc corpse The orc warrior shouts!
You puncture the orc wizard! You burn the orc wizard.
The orc wizard is severely wounded.
You block the orc wizard's attack.
You thump the orc wizard! You burn the orc wizard.
You kill the orc wizard!
Okawaru accepts your kill.
Found an escape hatch in the ceiling.
Harold the Weathered comes into view.
He is wielding a flail.
Harold throws a throwing net.
You block the throwing net.
You see here a throwing net.
Harold points at you and mumbles some strange words.
The bolt of fire misses you.
Harold points at you and mumbles some strange words.
The bolt of fire hits you!
You die...

...#....#.#....
...#....#....# .##
...#.........# #.. #
.#...........# .. .#
>............# .#..##
.............#####.#....
≈≈≈≈≈≈≈8%........<......
≈≈≈≈≈≈8≈................
####'.≈≈........@.......
....#.≈≈............@...
....##≈≈)....###J###.#.#
....oo).)o...###.# #
...o##≈≈....oo...#
....#.≈≈....######
####'.≈≈..###
≈≈≈≈≈≈8≈..# ≈≈≈≈≈≈≈8..#


You could see Harold, a very large slime creature and an orc.

Vanquished Creatures
  A minotaur (Lab)
  Erica (D:8)
  A two-headed ogre (D:8)
  Nergalle (D:11)
  3 manticores
  A gargoyle (D:12)
  A troll (D:8)
  A queen bee (D:9)
  A meliai (shapeshifter) (D:12)
  A merfolk (D:8)
  2 minotaur zombies (Lab)
  6 hippogriffs
  4 wyverns (D:8)
  A shadow (D:11)
  16 yaks
  A vampire (D:9)
  2 hungry ghosts (D:7)
  A hog (D:8)
  A steam dragon (D:9)
  4 vampire mosquitoes (D:12)
  A basilisk (D:9)
  3 wargs (D:11)
  An acid dragon (D:9)
  A water moccasin (D:8)
  2 sky beasts
  An ice beast (D:7)
  9 orc warriors
  2 hell hounds (D:9)
  A necrophage (D:7)
  9 black bears
  A phantom (D:3)
  5 ogres
  10 centaurs
  An elf zombie (Ossuary)
  3 big kobolds
  2 gnoll sergeants (D:8)
  9 bullfrogs
  A water moccasin skeleton (D:8)
  2 scorpions
  4 wights (D:8)
  9 killer bees
  6 electric eels (D:8)
  4 howler monkeys
  3 bullfrog zombies
  9 crimson imps
  3 centaur zombies
  15 orc wizards
  5 hounds
  3 gnoll shamans (D:8)
  7 orc priests
  A human zombie (Ossuary)
  A jelly (D:6)
  Jessica (D:2)
  A bullfrog skeleton (D:4)
  2 iguanas
  7 worker ants
  A big kobold zombie (Ossuary)
  A hound zombie (D:5)
  2 mummies (Ossuary)
  2 worker ant zombies
  10 adders
  4 gnolls
  A howler monkey skeleton (D:8)
  2 shadow imps
  2 worms
  2 dart slugs
  4 leopard geckos
  23 orcs
  2 ball pythons
  2 giant cockroaches
  4 goblins
  5 hobgoblins
  12 jackals
  12 kobolds
  6 quokkas
  9 bats
  4 frilled lizards
  A goblin zombie (Ossuary)
  12 hobgoblin zombies (Ossuary)
  2 jackal zombies
  7 kobold zombies (Ossuary)
  9 orc zombies (Ossuary)
  2 quokka skeletons
  A quokka zombie (D:5)
  6 rats
  3 rat zombies (Ossuary)
  4 plants (D:8)
352 creatures vanquished.

Vanquished Creatures (others)
  An orc (D:12)
  A plant (D:8)
2 creatures vanquished.

Grand Total: 354 creatures vanquished

Notes
Turn   | Place    | Note
-------+----------+-------------------------------------------
     0 | D:1      | polly the Gargoyle Fighter began the quest for the Orb.
     0 | D:1      | Reached XP level 1. HP: 14/14 MP: 1/1
    73 | D:1      | Reached XP level 2. HP: 9/19 MP: 2/2
   492 | D:2      | Noticed Jessica
   494 | D:2      | Killed Jessica
   494 | D:2      | Reached XP level 3. HP: 24/24 MP: 3/3
   976 | D:2      | Reached XP level 4. HP: 28/29 MP: 4/4
  1548 | D:3      | Noticed a phantom
  1599 | D:3      | Killed a phantom
  1599 | D:3      | Reached skill level 3 in Maces & Flails
  1599 | D:3      | Reached XP level 5. HP: 22/33 MP: 5/5
  2023 | D:4      | Reached XP level 6. HP: 26/38 MP: 6/6
  2242 | D:4      | Reached skill level 4 in Maces & Flails
  2324 | D:4      | Reached skill level 5 in Shields
  2445 | D:4      | Reached skill level 1 in Dodging
  2582 | D:4      | Got a pair of warped boots
  2588 | D:4      | Identified the +1 pair of boots of Enonwesh {Slay+2} (You found it on level 4 of the Dungeon)
  2784 | D:5      | Entered Level 5 of the Dungeon
  3059 | D:5      | Found Puynut's Armour Emporium.
  3106 | D:5      | Reached XP level 7. HP: 43/43 MP: 7/7
  3428 | D:5      | Reached skill level 5 in Maces & Flails
  3516 | D:5      | Bought a +2 pair of gloves for 214 gold pieces
  4078 | D:6      | Reached skill level 5 in Fighting
  4078 | D:6      | Reached skill level 6 in Maces & Flails
  4078 | D:6      | Reached XP level 8. HP: 46/49 MP: 8/8
  4107 | D:6      | Found a staircase to the Ecumenical Temple.
  4115 | D:6      | Found Fuarap's General Store.
  4124 | Temple   | Entered the Ecumenical Temple
  4161 | Temple   | Became a worshipper of Warmaster Okawaru
  4690 | D:7      | Reached skill level 7 in Maces & Flails
  4695 | D:7      | Reached skill level 5 in Armour
  4830 | D:7      | Found a sand-covered staircase.
  4840 | Ossuary  | Entered an ossuary
  5051 | Ossuary  | Reached * piety under Okawaru
  5105 | D:7      | Reached skill level 8 in Maces & Flails
  5105 | D:7      | Reached XP level 9. HP: 44/55 MP: 9/9
  5149 | D:7      | Found Godutak's Book Shop.
  5409 | D:8      | Reached ** piety under Okawaru
  5687 | D:8      | Reached skill level 9 in Maces & Flails
  6094 | D:8      | Reached XP level 10. HP: 61/61 MP: 10/10
  6159 | D:8      | Reached *** piety under Okawaru
  6604 | D:8      | Reached skill level 10 in Maces & Flails
  6657 | D:8      | Noticed a manticore
  6687 | D:8      | Killed a manticore
  6687 | D:8      | Reached **** piety under Okawaru
  7049 | D:8      | Noticed a two-headed ogre
  7064 | D:8      | Killed a two-headed ogre
  7064 | D:8      | Reached XP level 11. HP: 24/68 MP: 11/11
  7361 | D:8      | Reached skill level 10 in Shields
  7427 | D:8      | Reached skill level 11 in Maces & Flails
  7486 | D:8      | Found a shimmering altar of Xom.
  7502 | D:8      | Reached ***** piety under Okawaru
  7850 | D:8      | Noticed Erica
  7869 | D:8      | Killed Erica
  8442 | D:9      | Identified the Compendium of Boosting Clay
  8562 | D:9      | Found a staircase to the Lair.
  8694 | D:9      | Reached skill level 1 in Stealth
  8713 | D:9      | Received a gift from Okawaru
  8923 | D:9      | Found Giadiunoxt's Book Boutique.
  9360 | D:10     | Entered Level 10 of the Dungeon
  9496 | D:10     | Reached skill level 12 in Maces & Flails
 10008 | D:11     | Found a labyrinth entrance.
 10030 | Lab      | Entered a labyrinth
 10547 | Lab      | Noticed a minotaur
 10563 | Lab      | Killed a minotaur
 10563 | Lab      | Reached XP level 12. HP: 43/75 MP: 12/12
 10601 | Lab      | Got a heavily runed jade ring
 10631 | Lab      | Identified the ring "Unlavyr" {*Tele rC- Str+6 Dex+2 Stlth-} (You found it in a labyrinth)
 10658 | D:11     | Learned a level 3 spell: Regeneration
 10665 | D:11     | Learned a level 3 spell: Ozocubu's Armour
 10969 | D:11     | Noticed Nergalle
 10980 | D:11     | Killed Nergalle
 10980 | D:11     | Reached ****** piety under Okawaru
 11610 | D:12     | Received a gift from Okawaru
 11613 | D:12     | Reached skill level 13 in Maces & Flails
 12047 | D:12     | Noticed Harold
 12049 | D:12     | Killed from afar by Harold

Vault maps used:
D:1:      roderic_crossed_star
D:2:      uniq_jessica
D:4:      lightli_corner_chamber
D:5:      serial_shops, nicolae_shop_window_shopping, first_bread
D:6:      serial_shops, kennysheep_little_box
D:7:      serial_shops, shop, enter_ossuary_3
D:8:      kennysheep_town, uniq_erica
D:9:      minmay_tri_box, minmay_lair_entry_lava, serial_shops,
          nicolae_shop_crystal, nicolae_looking_at_the_future
D:11:     lab_entry_generic, blue_anna_alchemist, nooodl_orcs_dogs,
          uniq_nergalle
D:12:     erik_orc_2, hangedman_weighted_door, minmay_item_behind_shaft,
          uniq_harold
Temple:   compressed_dpeg_circular_temple
Lab:      labyrinth_hidden_loot, nicolae_lab_grate
Ossuary:  ossuary_tomb_1

Skill      XL: |  1  2  3  4  5  6  7  8  9 10 11 12 |
---------------+-------------------------------------+-----
Shields        | 4 5 6 8 9 10 11 | 11.9
Fighting       | 4 5 6 7 8 9 |  9.4
Maces & Flails | 3 4 6 8 9 10 12 13 | 13.2
Armour         | 4 5 6 7 8 9 |  9.1
Dodging        | 1 2 |  2.1
Stealth        | 1 |  1.3
Evocations     | |  0.8

Action                   |  1- 3 |  4- 6 |  7- 9 | 10-12 || total
-------------------------+-------+-------+-------+-------++-------
Melee: Flail             |   105 |   127 |       |       ||   232
       Morningstar       |       |    73 |   504 |   785 ||  1362
Evoke: Wand              |       |       |       |     4 ||     4
  Use: Potion            |       |       |       |     6 ||     6
       Scroll            |       |       |       |     7 ||     7
  Eat: Chunk             |       |     5 |    10 |    13 ||    28
       Fruit             |       |     2 |     4 |     5 ||    11
       Royal jelly       |       |       |     2 |     1 ||     3
       Meat ration       |       |       |     1 |       ||     1
Armor: Scale mail        |    98 |   106 |       |       ||   204
       Plate armour      |       |    34 |   404 |   466 ||   904
       Chain mail        |       |       |       |    83 ||    83
Dodge: Dodged            |    58 |    42 |    81 |   256 ||   437
Block: Shield            |    94 |   134 |   366 |   675 ||  1269
